 Dungeon Crawl Stone Soup version 0.24.0-13-gcf9b3192b9 (webtiles) character file.

Game seed: 2029753715151179751, levelgen mode: deterministic

1381 Arum the Covered (level 8, -6/67 HPs)
             Began as a Barachi Fighter on Nov 5, 2019.
             Was a Follower of Ru.
             Mangled by an orc warrior
             ... wielding a +0 war axe
              (20 damage)
             ... on level 6 of the Dungeon.
             The game lasted 00:08:40 (6054 turns).

Arum the Covered (Barachi Fighter)                  Turns: 6054, Time: 00:08:41

Health: -6/67      AC: 11    Str: 17    XL:     8   Next: 67%
Magic:  8/8        EV: 12    Int: 13    God:    Ru [*.....]
Gold:   234        SH:  5    Dex: 13    Spells: 7/7 levels left

rFire    . . .     SeeInvis .   a - +0 long sword
rCold    . . .     Gourm    .   b - +0 buckler
rNeg     . . .     Faith    .   A - +1 scale mail of Beogh's Displeasure {rPois rCorr Str-2 Int+5} (curse)
rPois    +         Spirit   .   h - +0 helmet
rElec    .         Reflect  .   (no cloak)
rCorr    +         Harm     .   u - +0 pair of gloves
MR       .....                  (no boots)
Stlth    ..........             (no amulet)
HPRegen  0.21/turn              e - +3 ring of evasion
MPRegen  0.11/turn              (no ring)

@: can't hop, slowed, very slow
A: +LOS, swims, slowness 1, no fire magic, no hexes magic, no summoning magic,
strong legs 1
a: Hop, Renounce Religion


You were on level 6 of the Dungeon.
You worshipped Ru.
Ru was aware of your devotion.
You were hungry.

You visited 1 branch of the dungeon, and saw 7 of its levels.

You collected 234 gold pieces.

Inventory:

Hand Weapons
 a - a +0 long sword (weapon)
Armour
 b - a +0 buckler (worn)
 c - a +0 shield
 h - a +0 helmet (worn)
 u - a +0 pair of gloves (worn)
 A - the cursed +1 scale mail of Beogh's Displeasure (worn) {rPois rCorr Str-2 Int+5}
   (You found it on level 6 of the Dungeon)

   It affects your strength (-2).
   It affects your intelligence (+5).
   It protects you from poison.
   It provides partial protection from all sources of acid and corrosion.
   It has a curse placed upon it.
Jewellery
 e - a +3 ring of evasion (left hand)
Wands
 z - a wand of polymorph (5)
Scrolls
 i - 3 scrolls of enchant armour {unknown}
 k - 2 scrolls of noise {unknown}
 m - 3 scrolls of identify
 o - 2 scrolls of enchant weapon {unknown}
 p - 2 scrolls of immolation {unknown}
 r - 2 scrolls of remove curse {unknown}
 t - 3 scrolls of teleportation {unknown}
 w - a scroll of magic mapping {unknown}
 x - 2 scrolls of amnesia {unknown}
 y - a scroll of fog {unknown}
Potions
 d - 2 potions of might
 g - 5 potions of curing
 j - 3 potions of flight {unknown}
 l - a potion of mutation {unknown}
 n - a potion of lignification {unknown}
 q - a potion of ambrosia {unknown}
 s - a potion of invisibility {unknown}
Comestibles
 f - 13 rations


   Skills:
 + Level 7.1 Fighting
 + Level 6.5 Long Blades
 + Level 7.2 Armour
 - Level 6.5 Shields


You had 7 spell levels left.
You didn't know any spells.
Your spell library contained the following spells:

 Spells                   Type           Power        Failure   Level  Hunger
 Sting                    Conj/Pois      #...         65%         1    ##.....
 Poisonous Vapours        Pois/Air       #.....       80%         2    ###....
 Mephitic Cloud           Conj/Pois/Air  #.......     95%         3    ####...
 Olgreb's Toxic Radiance  Pois           #.......     100%        4    #####..
 Venom Bolt               Conj/Pois      #.........   100%        5    ######.


Dungeon Overview and Level Annotations

Branches:
Dungeon (7/15)
 Temple: D:4-7

Altars:
Ashenzari
Dithmenos
Gozag
Hepliaklqana
Ru
Vehumet
Yredelemnul
The Shining One

Shops:
D:4 (   D:6 %[[


Innate Abilities, Weirdness & Mutations

Shadows flee at your approach. (+LOS)
You can swim through water.
You cover ground slowly.
You cannot study or cast Fire magic.
You cannot study or cast Hexes magic.
You cannot study or cast Summoning magic.
You can hop short distances.


Message History

You hit the orc warrior but do no damage.
The orc warrior is lightly wounded.
Okay, then.
There is a stone staircase leading up, spattered with blood here.
The orc warrior barely misses you.
You riposte.
You hit the orc warrior but do no damage.
The orc warrior is lightly wounded.
You redirect the orc warrior's attack!
The orc warrior hits itself with a +0 war axe.
You climb upwards.
You are feeling hungry.
There is a stone staircase leading down, spattered with blood here.
You slash the orc warrior!
The orc warrior is heavily wounded.
The orc warrior hits you with a +0 war axe!
* * * LOW HITPOINT WARNING * * *
You hit the orc warrior.
The orc warrior is severely wounded.
The orc warrior hits you with a +0 war axe!!
You die...

#...###..##..##.############
#....................(.....#
#........).................#
#......_...................#
#+###........####....##.####
#............####...∩##.##
#........................#
#..<......o[.......(.....#
#..........@)............#
#......<.................#
##########################


You could see an orc warrior.

Vanquished Creatures
  Sigmund (D:4)
  Edmund (D:5)
  Menkaure (D:6)
  An ice beast (D:7)
  2 ogres
  A centaur zombie (D:5)
  2 crimson imps (D:6)
  A gnoll shaman (D:6)
  2 orc priests (D:3)
  A jelly (D:6)
  An orc wizard (D:3)
  A centaur skeleton (D:5)
  An iguana (D:4)
  Natasha (twice) (D:4)
  A bullfrog skeleton (D:5)
  2 worker ants
  A hound skeleton (D:6)
  7 gnolls
  10 adders
  An adder skeleton (D:7)
  2 worms
  2 dart slugs
  8 leopard geckos
  13 orcs
  6 bats
  15 giant cockroaches
  4 hobgoblins
  8 jackals
  4 quokkas
  4 frilled lizards
  4 goblins
  7 kobolds
  9 rats
  A spectral orc (D:6)
127 creatures vanquished.

Vanquished Creatures (others)
  A gnoll (D:6)
1 creature vanquished.

Grand Total: 128 creatures vanquished

Notes
Turn   | Place    | Note
-------+----------+-------------------------------------------
     0 | D:1      | Arum the Barachi Fighter began the quest for the Orb.
     0 | D:1      | Reached XP level 1. HP: 18/18 MP: 1/1
   145 | D:1      | Reached XP level 2. HP: 17/25 MP: 2/2
   697 | D:1      | Reached XP level 3. HP: 30/30 MP: 3/3
  1675 | D:3      | Reached XP level 4. HP: 37/37 MP: 4/4
  1924 | D:3      | Found a sacrificial altar of Ru.
  1930 | D:3      | Became a worshipper of Ru the Awakened
  2019 | D:3      | Reached XP level 5. HP: 41/43 MP: 5/5
  2702 | D:3      | Found an opulent altar of Gozag.
  2814 | D:4      | Noticed Sigmund
  2838 | D:4      | Killed Sigmund
  2838 | D:4      | Reached skill level 5 in Fighting
  2838 | D:4      | Reached skill level 5 in Armour
  2838 | D:4      | Reached XP level 6. HP: 25/51 MP: 6/6
  3012 | D:4      | Reached skill level 5 in Shields
  3025 | D:4      | Found Latainwo's Antique Weapon Boutique.
  3291 | D:4      | Noticed Natasha
  3305 | D:4      | Killed Natasha
  3305 | D:4      | Reached XP level 7. HP: 35/56 MP: 7/7
  3648 | D:4      | Reached skill level 5 in Long Blades
  3854 | D:4      | Noticed Natasha
  3863 | D:4      | Killed Natasha
  3867 | D:5      | Entered Level 5 of the Dungeon
  3910 | D:5      | Found a shadowy altar of Dithmenos.
  3962 | D:5      | Gained mutation: You cannot study or cast Fire magic. [Ru
                  | sacrifice]
  3962 | D:5      | Gained mutation: You cannot study or cast Hexes magic. [Ru
                  | sacrifice]
  3962 | D:5      | Gained mutation: You cannot study or cast Summoning magic.
                  | [Ru sacrifice]
  3962 | D:5      | Reached * piety under Ru
  4229 | D:5      | Noticed Edmund
  4265 | D:5      | Killed Edmund
  4569 | D:5      | Found a shattered altar of Ashenzari.
  4654 | D:5      | Reached XP level 8. HP: 64/64 MP: 8/8
  5047 | D:6      | Found Derher's Armour Shoppe.
  5106 | D:6      | Found a basalt altar of Yredelemnul.
  5154 | D:6      | Found Cuimaalu's Food Shoppe.
  5173 | D:6      | Got a faintly humming scale mail
  5174 | D:6      | Identified the cursed +1 scale mail of Beogh's Displeasure
                  | {rPois rCorr Str-2 Int+5} (You found it on level 6 of the
                  | Dungeon)
  5241 | D:6      | Found Xeconyll's Armour Emporium.
  5244 | D:6      | Found a radiant altar of Vehumet.
  5325 | D:7      | Noticed Menkaure
  5636 | D:6      | Killed Menkaure
  5990 | D:7      | Found a glowing golden altar of the Shining One.
  6008 | D:7      | Found a radiant altar of Vehumet.
  6009 | D:7      | Found a hazy altar of Hepliaklqana.
  6054 | D:6      | Mangled by an orc warrior

Levels and vault maps discovered:
D:1:      dpeg_arrival_round_c, layout_basic, minmay_worlds_worst_comb
D:2:      layout_basic
D:3:      layout_basic, nicolae_gozag_cash_rules_everything_around_me,
          old_standard_altar, minmay_misc_feat_pillars, roderic_lattice_a
D:4:      layout_cave_pods, first_ration, serial_shops, shop,
          minmay_misc_feat_more_columns, uniq_sigmund, uniq_natasha
D:5:      layout_gridville, lemuel_coloured_pillars_altar,
          nicolae_dithmenos_the_darkroom, uniq_edmund
D:6:      layout_gridville, yredelemnul_forgotten_temple_becter, serial_shops,
          shop, shop, kennysheep_mini_moat, basic_altar
D:7:      layout_basic, okawaru_trees_2, gammafunk_temple_overflow_statue,
          kennysheep_mini, grunt_temple_overflow_open,
          minmay_temple_entry_nine_rooms, basic_altar, the_bakery,
          kennysheep_nondescript, uniq_pikel, uniq_crazy_yiuf_cottage,
          uniq_menkaure, uniq_prince_ribbit1

Skill      XL: |  1  2  3  4  5  6  7  8 |
---------------+-------------------------+-----
Armour         | 4 5 6 7 |  7.2
Fighting       | 4 5 6 7 |  7.1
Long Blades    | 3 4 5 6 |  6.5
Shields        | 4 5 6 |  6.5

Action                   |  1- 3 |  4- 6 |  7- 9 || total
-------------------------+-------+-------+-------++-------
Melee: Long sword        |   122 |   158 |   244 ||   524
Invok: Sacrifice Arcana  |       |       |     1 ||     1
 Abil: Hop               |       |       |     1 ||     1
  Use: Potion            |       |     2 |       ||     2
       Scroll            |       |       |     1 ||     1
  Eat: Chunk             |     3 |     6 |    10 ||    19
Armor: Scale mail        |    63 |    72 |   102 ||   237
Dodge: Dodged            |    62 |    91 |   103 ||   256
Block: Shield            |    88 |    88 |   127 ||   303
       Buckler           |       |       |     2 ||     2
       Rpst.: Long sword |    17 |    26 |    38 ||    81
